 Dungeon Crawl Stone Soup version 0.30-a0-972-gf3ab3527aa (webtiles) character file.

Game seed: 5587578794090593141

94 Newt the Trooper (level 4, -1/40 HPs)
             Began as a Draconian Fighter on Mar 31, 2023.
             Slain by an orc
             ... wielding a +0 war axe
              (10 damage)
             ... on level 4 of the Dungeon.
             The game lasted 00:03:03 (2688 turns).

Newt the Trooper (Draconian Fighter)                Turns: 2688, Time: 00:03:03

Health: -1/40      AC:  5    Str: 23    XL:     4   Next: 38%
Magic:  4/4        EV: 12    Int: 11    God:
Gold:   205        SH:  0    Dex: 14    Spells: 3/3 levels left

rFire   . . .      SeeInvis +    f - +10 glaive of the Imbibing Rat {drain, rC+ Int+3 Dex+3}
rCold   + + .      Faith    .    (shield currently unavailable)
rNeg    . . .      Spirit   .    (body armour unavailable)
rPois   .          Reflect  .    (helmet restricted)
rElec   .          Rampage  .    n - scarf "Urif" {shadows, Str+3 SInv}
rCorr   .                        (no gloves)
Will    .....                    (no boots)
Stlth   +                        (no amulet)
HPRegen 0.26/turn                j - ring of protection from cold
MPRegen 0.09/turn                (no ring)

@: no status effects
A: AC +5, unfitting armour, cold-blooded
a: no special abilities


You were on level 4 of the Dungeon.
You visited 1 branch of the dungeon, and saw 4 of its levels.

You collected 205 gold pieces.

Inventory:

Hand Weapons
 a - a +1 long sword
 f - the +10 glaive of the Imbibing Rat (weapon) {drain, rC+ Int+3 Dex+3}
   (You acquired it on level 3 of the Dungeon)

   Int:       It affects your intelligence (+3).
   Dex:       It affects your dexterity (+3).
   rC:        It protects you from cold.
Missiles
 k - 42 stones (quivered)
 r - 10 poisoned darts
Armour
 b - a +0 buckler
 n - the scarf "Urif" (worn) {shadows, Str+3 SInv}
   (You found it on level 2 of the Dungeon)

   Str:       It affects your strength (+3).
   SInv:      It lets you see invisible.
Jewellery
 j - a ring of protection from cold (left hand)
 q - a ring of fire
 t - a ring of wizardry
Scrolls
 i - 2 scrolls of vulnerability
 l - a scroll of magic mapping
 u - a scroll of immolation {unknown}
 v - a scroll of teleportation {unknown}
Potions
 c - 3 potions of might
 d - a potion of brilliance
 e - a potion of curing
 g - 2 potions of attraction
 h - a potion of flight
 m - a potion of haste
 o - a potion of invisibility {unknown}
 p - a potion of heal wounds {unknown}
 w - a potion of mutation {unknown}


   Skills:
 - Level 4.0 Fighting
 - Level 4.0 Long Blades
 + Level 1.0 Polearms
 - Level 2.6 Dodging
 - Level 3.0 Shields


You had 3 spell levels left.
You didn't know any spells.
Your spell library was empty.

Dungeon Overview and Level Annotations

Branches:
Dungeon (4/15)
 Temple: D:4-7

Altars:

Shops:
D:2 [:((

Annotations:
D:4 mandoloar's ghost, amateur DgCj


Innate Abilities, Weirdness & Mutations

Your plain brown scales are hard. (AC +5)
You cannot fit into any form of body armour.
You are cold-blooded and may be slowed by cold attacks.


Message History

The white imp shouts, "Return whence thou came, thou twisted half-faced bugbear!"
The orc shouts!
An orc comes into view. It is wielding a +0 war axe.
The orc shouts!
You hear a shout!
An orc comes into view. It is wielding a +0 flail.
There are monsters nearby!
There are monsters nearby!
An orc comes into view. It is wielding a +0 falchion.
Found 5 stones and a scroll labelled CEUDYV TUACUMU.
The kobold shouts!
The orc shouts! x2
An orc comes into view. It is wielding a +0 hand axe.
You closely miss the orc.
Mandoloar's ghost turns its malevolent gaze towards you.
Your tail-slap misses the orc.
You barely miss the orc. The orc misses you.
The orc hits you but does no damage. The orc barely misses you.
The orc closely misses you.
You closely miss the orc. The orc hits you with a +0 war axe!
The orc misses you. The orc barely misses you.
The orc hits you with a +0 war axe.
You closely miss the orc. The orc barely misses you.
The orc closely misses you. The orc hits you with a +0 flail.
The orc closely misses you. The orc misses you.
The orc hits you but does no damage. The orc completely misses you.
You hit the orc.
The orc is severely wounded.
The orc hits you with a +0 hand axe. The orc barely misses you.
The orc completely misses you. The orc hits you with a +0 falchion.
Unknown command.
The orc barely misses you. The orc attacks as you move away!
The orc closely misses you.
Mandoloar's ghost takes aim.
The white imp picks up a beetle and eats it.
The orc attacks as you move away! The orc hits you with a +0 war axe.
You are too injured to fight recklessly!
You are too injured to fight recklessly!
You completely miss the orc. The orc hits you with a +0 war axe!
* * * LOW HITPOINT WARNING * * *
The orc hits you with a +0 war axe!
You die...

########.#
.......#
#..<†....#
####...#
#.########
...##..# #.#
.#..8#..# #.#
..#..#..# #.#
....5#..####.#
©..zW#©.o@...#
(...K#.o######
..#.o#.o#
.#..8#.o#
?...##..#
#####..o#
........#
.......##
........


You could see a wight, mandoloar's ghost, a white imp, 3 orcs and a kobold.

Vanquished Creatures
  A hound (D:2)
  An adder (D:2)
  A worm (D:4)
  3 ball pythons
  4 bats
  2 endoplasms
  A giant cockroach (D:1)
  7 hobgoblins
  5 jackals
  2 quokkas
  2 frilled lizards (D:2)
  8 goblins
  4 kobolds (D:2)
  7 rats
48 creatures vanquished.

Notes
Turn   | Place    | Note
-------+----------+-------------------------------------------
     0 | D:1      | Newt the Draconian Fighter began the quest for the Orb.
     0 | D:1      | Reached XP level 1. HP: 19/19 MP: 1/1
   503 | D:1      | Reached XP level 2. HP: 25/27 MP: 2/2
   993 | D:2      | Found Oticaumo's Antique Armour Emporium.
  1104 | D:2      | Found Feux's Book Boutique.
  1119 | D:2      | Identified the scarf "Urif" {shadows, Str+3 SInv}
  1200 | D:2      | Found Sumnifona's Weapon Emporium.
  1211 | D:2      | Found Ceehacra's Antique Weapon Shoppe.
  1262 | D:2      | Reached XP level 3. HP: 28/33 MP: 3/3
  1462 | D:2      | Reached XP level 4. HP: 32/40 MP: 4/4
  1855 | D:3      | Identified a scroll of acquirement
  1855 | D:3      | Acquired the +10 glaive of the Imbibing Rat {drain, rC+
                  | Int+3 Dex+3}
  2581 | D:3      | Found a faded altar of an unknown god.
  2660 | D:4      | Reached skill level 1 in Polearms
  2675 | D:4      | Noticed mandoloar's ghost (amateur DgCj)
  2688 | D:4      | Slain by an orc

Illustrated notes

Levels and vault maps discovered:
D:1:      mushboom_english_gardens, layout_basic
D:2:      layout_basic, serial_shops, nicolae_shop_stone,
          nicolae_shop_overgrown_old_shop, shop_statue, nicolae_shop_crystal,
          minmay_divided_ellipse
D:3:      layout_loops_corners, hellmonk_ecumenical_altar_inner_sanctum,
          kennysheep_doodads
D:4:      layout_loops_ring, nicolae_overflow_hidden_temple,
          nicolae_ru_path_of_blood, gammafunk_ghost_arena

Skill      XL: |  1  2  3  4 |
---------------+-------------+-----
Fighting       | 4 |  4.0
Long Blades    | 4 |  4.0
Polearms       | 1 |  1.0
Dodging        | |  2.6
Shields        | |  3.0

Action                     |  1- 3 |  4- 6 || total
---------------------------+-------+-------++-------
  Melee: Long sword        |    95 |     3 ||    98
         Tailslap          |    10 |     1 ||    11
         Glaive            |       |    19 ||    19
    Use: Scroll            |     6 |     5 ||    11
   Stab: Sleeping          |       |     2 ||     2
 Armour: Skin              |    27 |     3 ||    30
  Dodge: Dodged            |    53 |    17 ||    70
  Block: Buckler           |    31 |       ||    31

Table legend: (Time is in decaauts)
 A = Elapsed time spent in this place.
 B = Non-inter-level travel time spent in this place.
 C = Inter-level travel time spent in this place.
 D = Time resting spent in this place.
 E = Time spent auto-exploring this place.
 F = Levels seen in this place.
 G = Mean time per level.
                   A        B        C        D        E       F      G
               +--------+--------+--------+--------+--------+-----+--------+
         Total |   2728 |   2595 |    133 |    130 |   2087 |   4 |  682.0 |
       Dungeon |   2728 |   2595 |    133 |    130 |   2087 |   4 |  682.0 |
               +--------+--------+--------+--------+--------+-----+--------+

Top non-repeatable levels by time:
     D:2: 1059 daAuts
     D:1: 822 daAuts
     D:3: 812 daAuts
     D:4: 35 daAuts
